 Dungeon Crawl Stone Soup version 0.19-a0-1013-g40768a3 (webtiles) character file.

79732 Leszczynek the Bludgeoner (level 15, -18/158 HPs)
             Began as an Ogre Abyssal Knight on July 24, 2016.
             Was a High Priest of Lugonu.
             Demolished by a death knight
             ... wielding a +2 halberd
              (30 damage)
             ... on level 14 of the Dungeon.
             The game lasted 01:23:27 (32971 turns).

Leszczynek the Bludgeoner (Ogre Abyssal Knight)    Turns: 32971, Time: 01:23:27

Health: -18/158    AC: 10    Str: 21    XL:     15   Next: 64%
Magic:  15/22      EV: 20    Int: 13    God:    Lugonu [*****.]
Gold:   1254       SH:  0    Dex: 17    Spells: 3 memorised, 14 levels left

rFire  . . .     SeeInvis .     m - +5 giant spiked club of Iconoclasm {crush, rElec rF- rC+ Dex+3}
rCold  + . .     Gourm    +     O - +0 robe {rF+}
rNeg   . . .     Faith    .     (shield currently unavailable)
rPois  .         Spirit   .     (helmet restricted)
rElec  +         Dismiss  .     R - +2 cloak of Theory {*Drain rElec Int+2 Stlth+}
rCorr  .         Reflect  .     (gloves unavailable)
SustAt .         Harm     .     (boots unavailable)
MR     .....                    E - amulet of the gourmand
Stlth  +++.......               D - +4 ring of protection
                                A - +5 ring of evasion

@: vulnerable, slowed, very slow, not resistant to hostile enchantments, fairly
stealthy
A: unfitting armour, tough skin 1
a: Depart the Abyss, Bend Space, Banish, Corrupt, Enter the Abyss, Renounce
Religion


You were on level 14 of the Dungeon.
You worshipped Lugonu.
Lugonu was extremely pleased with you.
You were very full.

You visited 3 branches of the dungeon, and saw 22 of its levels.
You visited the Abyss 1 time.
You also visited: Bailey.

You collected 2616 gold pieces.
You spent 1362 gold pieces at shops.

Inventory:

Hand Weapons
 a - a +0 giant spiked club
 m - the +5 giant spiked club of Iconoclasm (weapon) {crush, rElec rF- rC+ Dex+3}
   (You found it on level 6 of the Lair of Beasts)

   It inflicts extra damage upon your enemies.
   It affects your dexterity (+3).
   It makes you vulnerable to fire.
   It protects you from cold.
   It insulates you from electricity.
 I - a +5 blowgun
Missiles
 b - 8 throwing nets
 H - 54 tomahawks (quivered)
 T - 13 large rocks
 Y - 7 javelins
Armour
 k - a +2 robe of cold resistance
 O - a +0 robe of fire resistance (worn)
 R - the +2 cloak of Theory (worn) {*Drain rElec Int+2 Stlth+}
   (You found it on level 2 of the Lair of Beasts)

   It affects your intelligence (+2).
   It insulates you from electricity.
   It causes draining when unequipped.
   It makes you more stealthy.
Jewellery
 l - the ring of Balance {MR+ Str+3}
   (You found it on level 12 of the Dungeon)

   [ring of protection from magic]

   It affects your strength (+3).
   It affects your resistance to hostile enchantments.
 A - a +5 ring of evasion (left hand)
 D - a +4 ring of protection (right hand)
 E - an amulet of the gourmand (around neck)
Wands
 e - a wand of iceblast (7/15)
 f - a wand of disintegration (10/24)
 r - a wand of confusion (6/48)
 w - a wand of paralysis (8/24)
 N - a wand of confusion (38/48)
 Q - a wand of disintegration (14/24)
 U - a wand of confusion (35/48)
Scrolls
 i - 7 scrolls of magic mapping
 n - 5 scrolls of remove curse
 o - 3 scrolls of recharging
 p - 4 scrolls of enchant armour
 y - 3 scrolls of teleportation
 K - 2 scrolls of fog
 V - a scroll of holy word
Potions
 g - 5 potions of cure mutation
 h - a potion of might
 j - 9 potions of curing
 s - 2 potions of ambrosia
 v - a potion of haste
 G - a potion of cancellation
 Z - a potion of resistance
Miscellaneous
 C - a sack of spiders
 S - a lamp of fire
Comestibles
 c - 12 bread rations
 d - 7 beef jerkies
 t - 6 meat rations
 z - 22 fruits
 L - 2 slices of pizza
 P - 12 royal jellies


   Skills:
 + Level 12.5 Fighting
 + Level 19.1 Maces & Flails
 - Level 12.0 Throwing
 * Level 7.8 Dodging
 - Level 1.2 Stealth
 - Level 3.9 Spellcasting
 - Level 2.1 Charms
 - Level 10.3 Invocations
 - Level 8.7 Evocations


You had 14 spell levels left.
You knew the following spells:

 Your Spells              Type           Power        Failure   Level  Hunger
a - Summon Butterflies    Summ           #.......     24%         1    None
b - Ozocubu's Armour      Chrm/Ice       #.......     38%         3    ###....
q - Regeneration          Chrm/Necr      #.........   38%         3    ###....


Dungeon Overview and Level Annotations

Branches:
Dungeon (14/15)            Temple (0/1) D:7            Lair (6/6) D:8
 Shoals (0/4) Lair:3       Spider (0/4) Lair:3        Slime (0/5) Lair:5
    Orc (2/2) D:9             Elf (0/3) Orc:2        Vaults (0/5) D:13

Altars:
Elyvilon
Hepliaklqana
Nemelex Xobeh
Okawaru
Pakellas
Ru
Trog
Vehumet
Xom
Yredelemnul
Zin
Beogh

Shops:
D:8 }!   D:13 }   Orc:2 =}[(

Annotations:
D:10 unseen horror
D:12 exclusion: upstairs, Frances
Lair:3 exclusions: griffon, hippogriff and manticore
Lair:4 death yaks roaming, exclusion: 4 blink frogs
Abyss:1 Josephine, Nergalle


Innate Abilities, Weirdness & Mutations

You are too large for most types of armour.
You have tough skin. (AC +1)


Message History

The phantasmal warrior is heavily damaged.
The phantasmal warrior barely misses you.
You puncture the phantasmal warrior!
The phantasmal warrior is severely damaged.
The death knight misses you.
The phantasmal warrior completely misses you.
The wraith barely misses you.
You closely miss the phantasmal warrior.
The phantasmal warrior is severely damaged.
The death knight hits you from afar with an enchanted halberd!!
* * * LOW HITPOINT WARNING * * *
The phantasmal warrior completely misses you.
The wraith hits you!
* * * LOW HITPOINT WARNING * * *
The wraith drains your vigour!
You feel yourself slow down.
You bludgeon the phantasmal warrior!!
You destroy the phantasmal warrior!
Lugonu accepts your kill.
The death knight hits you from afar with an enchanted halberd!!
You die...

## ##.# # #.# ##..###
##. ##.##.....###..
#......#......# ## .
.##....#####..# ..#..
#....# #.## #....#
#.#....## #..# #.....#
#......##
##..###p......
####....###....@.W....#
##....#....W##....##
#.........#ยง.....#
##>.#............#
#.................
##...........##....
#..........## #...
....##....## ... ..#...
#..##


You could see a death knight and 2 wraiths.

Vanquished Creatures
  Rupert (D:13)
  2 dire elephants (Lair:6)
  The ghost of CcS the Fencer, a journeyman MiGl of Dithmenos (Lair:2)
  The ghost of Multipenetrator the Geomancer, a journeyman FoEE of Cheibriados (D:10)
  2 hydras
  4 centaur warriors
  An ogre mage (D:13)
  7 death yaks
  3 orc high priests (Orc:2)
  A deep elf knight (D:13)
  A phantasmal warrior (D:14)
  The ghost of WhatIsLove the Covered, a novice DDFi (Bailey)
  3 hill giants
  4 orc knights
  A lindwurm (Lair:6)
  3 orc sorcerers
  6 deep elf magi
  An ugly thing (D:12)
  4 cyclopes
  A black mamba (Lair:1)
  9 elephants
  A guardian serpent (shapeshifter) (D:12)
  3 gargoyles (D:13)
  An ice statue (D:8)
  5 spiny frogs
  4 rime drakes
  A yaktaur (D:13)
  A jumping spider (Lair:3)
  A meliai (D:12)
  6 trolls
  2 polar bears
  4 two-headed ogres
  20 blink frogs
  A redback (Lair:3)
  2 vampires
  Eustachio (D:6)
  33 yaks
  A wyvern (Lair:6)
  A basilisk (Lair:5)
  5 wraiths (D:14)
  3 vampire mosquitoes (D:13)
  2 hungry ghosts (D:12)
  9 hippogriffs
  9 wargs
  2 soldier ants (D:10)
  9 porcupines
  10 water moccasins
  An ice beast (D:5)
  44 orc warriors
  2 sky beasts
  2 black bears
  16 ogres
  6 phantoms
  2 wasps
  7 necrophages
  8 centaurs
  5 wolves
  8 crocodiles
  3 big kobolds
  16 giant frogs
  8 gnoll sergeants (Bailey)
  5 scorpions
  25 killer bees
  15 wights
  4 howler monkeys
  12 crimson imps
  15 jellies
  6 gnoll shamans (Bailey)
  30 orc priests
  7 centaur skeletons
  A giant frog skeleton (D:9)
  8 hounds
  25 orc wizards
  9 iguanas
  12 hell rats (Lair:6)
  13 worker ants
  A killer bee zombie (D:8)
  3 sheep (D:11)
  A hound skeleton (D:4)
  A hound zombie (D:10)
  A worker ant zombie (D:7)
  25 gnolls
  9 adders
  32 river rats
  3 shadow imps
  An adder skeleton (D:9)
  An adder zombie (D:10)
  2 worms
  A dart slug (D:3)
  6 giant geckos
  138 orcs
  8 giant cockroaches
  2 goblins
  8 hobgoblins
  12 jackals
  4 quokkas
  5 bats
  2 giant gecko skeletons
  3 giant newts
  15 kobolds
  A quokka zombie (D:6)
  8 rats
  2 fungi (Lair:5)
  A plant (Lair:6)
805 creatures vanquished.

Vanquished Creatures (others)
  2 orc warlords (Orc:2)
  6 hydras
  An orc high priest (Orc:1)
  An unseen horror (D:12)
  3 lindwurms (Lair:6)
  A komodo dragon (Lair:6)
  A freezing wraith (D:14)
  A kobold demonologist (D:12)
  3 yaktaurs (D:13)
  A troll (Orc:1)
  A queen bee (D:12)
  2 meliai (D:12)
  2 blink frogs (Lair:5)
  A vampire (D:9)
  A redback (Lair:3)
  3 yaks (D:10)
  A water moccasin (Lair:5)
  An ogre (D:8)
  5 wolves
  A killer bee (D:12)
  8 fungi
  14 plants
60 creatures vanquished.

Grand Total: 865 creatures vanquished

Notes
Turn   | Place    | Note
-------+----------+-------------------------------------------
     0 | Abyss:1  | Leszczynek the Ogre Abyssal Knight began the quest for the Orb.
     0 | Abyss:1  | Reached XP level 1. HP: 24/24 MP: 2/2
    88 | D:1      | Escaped the Abyss
   567 | D:1      | Reached skill level 1 in Stealth
  1093 | D:1      | Reached XP level 2. HP: 27/32 MP: 3/3
  1187 | D:2      | Reached skill level 3 in Maces & Flails
  1189 | D:2      | Found a glowing silver altar of Zin.
  1192 | D:2      | Found an oddly glowing altar of Pakellas.
  1194 | D:2      | Found a bloodstained altar of Trog.
  1444 | D:2      | Reached * piety under Lugonu
  1524 | D:2      | Reached XP level 3. HP: 26/39 MP: 4/4
  1574 | D:2      | Reached skill level 4 in Maces & Flails
  2001 | D:3      | Reached ** piety under Lugonu
  2012 | D:3      | Reached skill level 5 in Maces & Flails
  2012 | D:3      | Reached XP level 4. HP: 46/48 MP: 5/5
  2089 | D:3      | Found a faded altar of an unknown god.
  2346 | D:3      | Found a shimmering altar of Xom.
  2347 | D:3      | Found a hazy altar of Hepliaklqana.
  2348 | D:3      | Noticed a spectral ugly thing
  2462 | D:4      | Reached skill level 6 in Maces & Flails
  2462 | D:4      | Reached XP level 5. HP: 53/54 MP: 6/6
  2563 | D:4      | Reached skill level 7 in Maces & Flails
  2567 | D:4      | Reached XP level 6. HP: 39/62 MP: 7/7
  2858 | D:4      | Reached skill level 8 in Maces & Flails
  3253 | D:4      | You fall through a shaft for 3 floors!
  3254 | D:7      | well that's bullshit lol
  3336 | D:5      | Entered Level 5 of the Dungeon
  3441 | D:5      | Noticed an ice beast
  3606 | D:4      | Reached skill level 9 in Maces & Flails
  3615 | D:4      | Reached *** piety under Lugonu
  3770 | D:5      | Reached XP level 7. HP: 70/70 MP: 8/8
  4020 | D:5      | Found a white marble altar of Elyvilon.
  4075 | D:5      | Found a basalt altar of Yredelemnul.
  4140 | D:5      | Reached skill level 10 in Maces & Flails
  4488 | D:6      | Reached skill level 11 in Maces & Flails
  4627 | D:6      | Reached XP level 8. HP: 46/78 MP: 9/9
  4896 | D:6      | Reached skill level 3 in Invocations
  5018 | D:6      | Found a radiant altar of Vehumet.
  5030 | D:6      | Found a sacrificial altar of Ru.
  5140 | D:6      | Noticed Eustachio
  5162 | D:6      | Killed Eustachio
  5162 | D:6      | Reached skill level 4 in Invocations
  5212 | D:6      | Reached skill level 12 in Maces & Flails
  5478 | D:6      | Reached skill level 5 in Invocations
  5643 | D:7      | Reached **** piety under Lugonu
  5656 | D:7      | Reached XP level 9. HP: 44/84 MP: 13/13
  5897 | D:7      | Found an iron altar of Okawaru.
  5990 | D:7      | Reached skill level 6 in Invocations
  6291 | D:7      | Found a staircase to the Ecumenical Temple.
  6440 | D:8      | Found Huadeodgh's Quality Used Wands.
  6488 | D:8      | the ogre is devoured by a tear in reality.
  6722 | D:8      | Found Gass's Distillery.
  6752 | D:8      | Found a sparkling altar of Nemelex Xobeh.
  6755 | D:8      | Bought a potion of agility for 48 gold pieces
  6755 | D:8      | Bought a potion of agility for 48 gold pieces
  6755 | D:8      | Bought 2 potions of might for 96 gold pieces
  6755 | D:8      | Bought a potion of heal wounds for 60 gold pieces
  6755 | D:8      | Bought a potion of curing for 36 gold pieces
  6755 | D:8      | Bought a potion of curing for 36 gold pieces
  6877 | D:8      | Reached skill level 13 in Maces & Flails
  6877 | D:8      | Reached skill level 7 in Invocations
  6953 | D:8      | Reached skill level 5 in Fighting
  7010 | D:8      | Found a staircase to the Lair.
  7033 | D:8      | Noticed an ice statue
  7380 | D:9      | Learned a level 1 spell: Summon Butterflies
  7440 | D:9      | Reached skill level 6 in Fighting
  7440 | D:9      | Reached skill level 8 in Invocations
  7628 | D:9      | Found a roughly hewn altar of Beogh.
  7629 | D:9      | Found a staircase to the Orcish Mines.
  7666 | D:9      | Reached XP level 10. HP: 94/100 MP: 16/16
  7753 | D:9      | Reached ***** piety under Lugonu
  8006 | D:9      | Reached skill level 7 in Fighting
  8013 | D:9      | Reached skill level 9 in Invocations
  8663 | D:9      | Reached skill level 14 in Maces & Flails
  8732 | D:10     | Entered Level 10 of the Dungeon
  8989 | D:10     | Reached skill level 8 in Fighting
  9007 | D:10     | the yak is devoured by a tear in reality.
  9008 | D:10     | the yak is devoured by a tear in reality.
  9009 | D:10     | the yak is devoured by a tear in reality.
  9010 | D:10     | Noticed Multipenetrator's ghost (journeyman FoEE)
  9294 | D:10     | Noticed a hill giant
  9301 | D:9      | Killed a hill giant
  9324 | D:10     | Reached skill level 15 in Maces & Flails
  9531 | D:10     | Reached skill level 10 in Invocations
  9531 | D:10     | Reached XP level 11. HP: 69/113 MP: 18/18
  9971 | D:10     | Reached skill level 9 in Fighting
 10014 | D:10     | Killed Multipenetrator's ghost
 11029 | Lair:1   | Entered Level 1 of the Lair of Beasts
 11047 | Lair:1   | Reached skill level 16 in Maces & Flails
 11223 | Lair:1   | Reached skill level 1 in Throwing
 11666 | Lair:1   | Reached skill level 10 in Fighting
 11666 | Lair:1   | Reached skill level 2 in Throwing
 11700 | Lair:1   | Noticed a six-headed hydra
 12140 | Lair:1   | Identified Sif Muna's Incunabulum of Supportive Poison
 12244 | Lair:1   | the six-headed hydra is devoured by a tear in reality.
 12244 | Lair:1   | Banished a six-headed hydra
 12364 | Lair:2   | Noticed CcS's ghost (journeyman MiGl)
 12421 | Lair:2   | Noticed a seven-headed hydra
 12437 | Lair:2   | the seven-headed hydra is devoured by a tear in reality.
 12437 | Lair:2   | Banished a seven-headed hydra
 12453 | Lair:2   | Noticed a death yak
 12506 | Lair:2   | Reached skill level 3 in Throwing
 12513 | Lair:2   | the wolf is devoured by a tear in reality.
 12514 | Lair:2   | the wolf is devoured by a tear in reality.
 12558 | Lair:2   | Noticed a seven-headed hydra
 12751 | Lair:2   | the seven-headed hydra is devoured by a tear in reality.
 12751 | Lair:2   | Banished a seven-headed hydra
 13063 | Lair:2   | Noticed a death yak
 13073 | Lair:2   | Got an encrusted cloak
 13079 | Lair:2   | Identified the +2 cloak of Theory {*Drain rElec Int+2 Stlth+} (You found it on level 2 of the Lair of Beasts)
 13079 | Lair:2   | could be worse
 13112 | Lair:2   | stealth ++++ lol
 13890 | Lair:3   | Noticed a manticore
 13891 | Lair:3   | Found a staircase to the Shoals.
 13891 | Lair:3   | Noticed a griffon
 14112 | Lair:3   | Found a hole to the Spider Nest.
 14122 | Lair:3   | Reached skill level 4 in Throwing
 14158 | Lair:3   | the redback is devoured by a tear in reality.
 14250 | Lair:3   | Reached XP level 12. HP: 128/128 MP: 19/19
 14837 | Lair:4   | Noticed a death yak
 14838 | Lair:4   | Noticed a death yak
 14970 | Lair:4   | Reached skill level 3 in Dodging
 15209 | Lair:4   | Reached skill level 11 in Fighting
 15255 | Lair:4   | Reached skill level 5 in Throwing
 15592 | Lair:5   | Noticed a seven-headed hydra
 15629 | Lair:5   | the blink frog is devoured by a tear in reality.
 15630 | Lair:5   | the blink frog is devoured by a tear in reality.
 16018 | Lair:5   | Reached skill level 6 in Throwing
 16180 | Lair:5   | Reached skill level 4 in Dodging
 16546 | Lair:5   | Reached skill level 7 in Throwing
 16745 | Lair:5   | Reached skill level 17 in Maces & Flails
 17046 | Lair:4   | Reached skill level 8 in Throwing
 17046 | Lair:4   | Reached skill level 5 in Dodging
 17266 | Lair:5   | Found a staircase to the Slime Pits.
 17302 | Lair:5   | the wolf is devoured by a tear in reality.
 17303 | Lair:5   | the water moccasin is devoured by a tear in reality.
 17307 | Lair:5   | the wolf is devoured by a tear in reality.
 17311 | Lair:5   | the wolf is devoured by a tear in reality.
 17515 | Lair:5   | the seven-headed hydra is devoured by a tear in reality.
 17515 | Lair:5   | Banished a seven-headed hydra
 17824 | Lair:6   | Entered Level 6 of the Lair of Beasts
 18027 | Lair:6   | Reached XP level 13. HP: 135/136 MP: 20/20
 18547 | Lair:6   | Reached skill level 6 in Dodging
 19918 | Lair:2   | Reached skill level 7 in Dodging
 20018 | Lair:2   | HP: 6/138 [CcS's ghost (23)]
 20022 | Lair:2   | Killed CcS's ghost
 20679 | Lair:6   | Reached skill level 18 in Maces & Flails
 20807 | Lair:6   | the lindwurm is devoured by a tear in reality.
 20808 | Lair:6   | the lindwurm is devoured by a tear in reality.
 20818 | Lair:6   | the lindwurm is devoured by a tear in reality.
 20830 | Lair:6   | Reached skill level 12 in Fighting
 20841 | Lair:6   | the komodo dragon is devoured by a tear in reality.
 21103 | Lair:6   | the seven-headed hydra is devoured by a tear in reality.
 21103 | Lair:6   | Reached skill level 1 in Evocations
 21202 | Lair:6   | the five-headed hydra is devoured by a tear in reality.
 21344 | Lair:6   | Reached skill level 2 in Evocations
 21630 | Lair:6   | Reached skill level 3 in Evocations
 21940 | Lair:6   | the anaconda is devoured by a tear in reality.
 22051 | Lair:6   | Noticed a dire elephant
 22051 | Lair:6   | Noticed a dire elephant
 22064 | Lair:6   | Killed a dire elephant
 22064 | Lair:6   | Reached skill level 4 in Evocations
 22073 | Lair:6   | Killed a dire elephant
 22081 | Lair:6   | Got a shimmering giant spiked club
 22082 | Lair:6   | Identified the +5 giant spiked club of Iconoclasm {crush, rElec rF- rC+ Dex+3} (You found it on level 6 of the Lair of Beasts)
 22402 | Lair:6   | Noticed a dire elephant
 22432 | Lair:6   | Noticed a dire elephant
 22606 | Lair:4   | Reached skill level 5 in Evocations
 22911 | D:8      | Learned a level 3 spell: Ozocubu's Armour
 23090 | Orc:1    | Entered Level 1 of the Orcish Mines
 23104 | Orc:1    | Reached XP level 14. HP: 149/149 MP: 21/21
 23191 | Orc:2    | Entered Level 2 of the Orcish Mines
 23215 | Orc:1    | Found a flagged portal.
 23351 | Orc:1    | the troll is devoured by a tear in reality.
 23351 | Orc:1    | Reached skill level 1 in Spellcasting
 23358 | Orc:1    | the orc high priest is devoured by a tear in reality.
 23554 | Bailey   | Entered a bailey
 23670 | Bailey   | Noticed WhatIsLove's ghost (novice DDFi)
 23690 | Bailey   | Killed WhatIsLove's ghost
 24058 | Bailey   | Reached skill level 2 in Spellcasting
 24310 | Bailey   | what, that was NOT worth it
 24310 | Bailey   | or wait
 24310 | Bailey   | i got piety
 24310 | Bailey   | ok, so it wasn't bad
 24369 | Orc:1    | Reached skill level 6 in Evocations
 24894 | Orc:2    | Found a roughly hewn altar of Beogh.
 25085 | Orc:2    | Found Liraecus's Jewellery Shop.
 25175 | Orc:2    | Found a roughly hewn altar of Beogh.
 25342 | Orc:2    | Noticed an orc warlord
 25480 | Orc:2    | Found a roughly hewn altar of Beogh.
 25522 | Orc:2    | Found a roughly hewn altar of Beogh.
 25582 | Orc:2    | Found a roughly hewn altar of Beogh.
 25624 | Orc:2    | Noticed an orc warlord
 25627 | Orc:2    | the orc warlord is devoured by a tear in reality.
 25627 | Orc:2    | Banished an orc warlord
 25679 | Orc:2    | Found a staircase to the Elven Halls.
 25816 | Orc:2    | Found a roughly hewn altar of Beogh.
 25820 | Orc:2    | Found Vipsilyvo's Gadget Shop.
 25836 | Orc:2    | Reached skill level 1 in Charms
 25968 | Orc:2    | the orc warlord is devoured by a tear in reality.
 25968 | Orc:2    | Banished an orc warlord
 25968 | Orc:2    | Reached skill level 3 in Spellcasting
 26173 | Orc:2    | Found a roughly hewn altar of Beogh.
 26385 | Orc:2    | Noticed an orc warlord
 26719 | Orc:2    | Reached skill level 2 in Charms
 26829 | Orc:2    | Reached skill level 7 in Evocations
 27097 | Orc:2    | the orc warlord is devoured by a tear in reality.
 27097 | Orc:2    | Banished an orc warlord
 27107 | Orc:2    | Found Fuotasy's Antique Armour Boutique.
 27108 | Orc:2    | Found a roughly hewn altar of Beogh.
 27109 | Orc:2    | Found Haudghog's Antique Weapon Shop.
 27126 | Orc:2    | Bought a runed blowgun for 62 gold pieces
 27211 | Orc:2    | Bought a +4 ring of protection for 576 gold pieces
 27211 | Orc:2    | Bought an uncursed ring of protection from magic for 400 gold pieces
 27482 | D:11     | Reached skill level 9 in Throwing
 27872 | D:11     | HP: 12/150 [eight-headed hydra (16)]
 27873 | D:11     | the eight-headed hydra is devoured by a tear in reality.
 28913 | D:11     | Identified Sif Muna's Guide on Sinister Rites and Flames
 28928 | D:11     | Learned a level 3 spell: Regeneration
 29199 | D:12     | Got a twitching bone ring
 29210 | D:12     | Identified the ring of Balance {MR+ Str+3} (You found it on level 12 of the Dungeon)
 29333 | D:12     | Reached skill level 8 in Evocations
 29391 | D:12     | Noticed Nergalle
 29396 | D:12     | Nergalle is devoured by a tear in reality.
 29396 | D:12     | Banished Nergalle
 29461 | D:12     | the kobold demonologist is devoured by a tear in reality.
 29541 | D:12     | Found a roughly hewn altar of Beogh.
 29562 | D:12     | Reached skill level 10 in Throwing
 29778 | D:12     | the meliai is devoured by a tear in reality.
 29782 | D:12     | the queen bee is devoured by a tear in reality.
 29783 | D:12     | the killer bee is devoured by a tear in reality.
 29918 | D:12     | Reached XP level 15. HP: 71/158 MP: 22/22
 29931 | D:12     | the meliai is devoured by a tear in reality.
 30537 | D:12     | Noticed Frances
 30865 | D:13     | Noticed Rupert
 30886 | D:13     | Killed Rupert
 30886 | D:13     | Reached skill level 11 in Throwing
 31116 | D:13     | Found an oddly glowing altar of Pakellas.
 31116 | D:13     | Found Pakellas's Prime Provisions.
 31355 | D:13     | Reached ****** piety under Lugonu
 31930 | D:13     | the yaktaur is devoured by a tear in reality.
 31940 | D:13     | Reached skill level 19 in Maces & Flails
 31946 | D:13     | HP: 15/158 [deep elf knight/short sword (10)]
 32338 | D:13     | the yaktaur is devoured by a tear in reality.
 32348 | D:13     | the yaktaur is devoured by a tear in reality.
 32398 | D:13     | Found a gate to the Vaults.
 32480 | D:14     | Reached skill level 12 in Throwing
 32795 | D:14     | Noticed Josephine
 32806 | D:14     | Josephine is devoured by a tear in reality.
 32806 | D:14     | Banished Josephine
 32964 | D:14     | the freezing wraith is devoured by a tear in reality.
 32970 | D:14     | HP: 12/158 [wraith[a death knight] (10)]
 32971 | D:14     | Demolished by a death knight

Vault maps used:
D:1:      lightli_arrival_statue_moat, st_stairs_9
D:2:      grunt_temple_overflow_open
D:3:      regret_index_temple_of_mockery, first_bread, ecumenical_altar_2
D:5:      kennysheep_ying_yang, serial_bayou_pond_e
D:6:      amethyst_overflow_temple_binary, uniq_eustachio
D:7:      okawaru_gym_becter
D:8:      minmay_statue_hallways, nemelex_xobeh_ov_fountains_minmay,
          lair_0_dummy, serial_shops, nicolae_shop_crystal,
          nicolae_for_you_no_charge
D:9:      david_orc_5
D:10:     hangedman_pestilent_swarm
D:11:     cheibrodos_stairvault_heist, lemuel_jelly_drop
D:12:     special_room, uniq_nergalle, uniq_frances
D:13:     hangedman_vaults_entry_quadrant_bands, johnstein_pakellas_shop,
          uniq_rupert
D:14:     moated_statue, uniq_josephine, uniq_azrael
Lair:1:   lemuel_fruit_tree
Lair:2:   lemuel_fruit_fields
Lair:3:   minmay_shoals_entry_beasts, spider_nest_entry_a
Lair:4:   roderic_carrion_pond
Lair:5:   slime_dummy
Lair:6:   due_jungle_book, minmay_lindwurm_lava
Orc:1:    enter_bailey_2
Orc:2:    grunt_orc_community_town_hall, grunt_orc_community_big_house_2,
          grunt_orc_community_big_house_2, grunt_orc_community_house_2,
          grunt_orc_community_house_2, grunt_orc_community_house_2,
          grunt_orc_community_house_3, grunt_orc_community_house_3,
          grunt_orc_community_house_3
Bailey:   bailey_polearm_gnolls_kennysheep, bailey

Skill      XL: |  1  2  3  4  5  6  7  8  9 10 11 12 13 14 15 |
---------------+----------------------------------------------+-----
Stealth        | 1 |  1.2
Maces & Flails | 3 5 6 7 9 11 12 13 15 16 17 18 19 | 19.1
Invocations    | 5 8 10 | 10.3
Fighting       | 6 8 10 11 12 | 12.5
Throwing       | 4 8 10 12 | 12.0
Dodging        | 5 7 |  7.8
Evocations     | 5 8 |  8.7
Spellcasting   | 3 |  3.9
Charms         | 2 |  2.1

Action                   |  1- 3 |  4- 6 |  7- 9 | 10-12 | 13-15 || total
-------------------------+-------+-------+-------+-------+-------++-------
Melee: Mace              |    70 |       |       |       |       ||    70
       Whip              |    64 |   137 |   248 |     9 |       ||   458
       Giant club        |       |       |   143 |   247 |       ||   390
       Giant spiked club |       |       |       |   411 |  1139 ||  1550
Throw: Tomahawk          |       |       |       |     9 |    71 ||    80
Invok: Depart the Abyss  |     1 |       |       |       |       ||     1
       Banish            |       |       |     2 |    17 |    40 ||    59
       Bend Space        |       |       |       |       |     1 ||     1
Evoke: Wand              |       |       |     4 |     8 |    15 ||    27
       Lamp of fire      |       |       |       |       |     2 ||     2
  Use: Scroll            |     5 |     6 |     4 |    12 |    10 ||    37
       Potion            |       |       |       |     3 |    15 ||    18
 Stab: Sleeping          |       |       |     6 |     9 |    16 ||    31
       Distracted        |       |       |       |     2 |     3 ||     5
       Paralysed         |       |       |       |     2 |       ||     2
       Confused          |       |       |       |       |     1 ||     1
  Eat: Chunk             |     3 |     6 |    20 |    39 |    68 ||   136
       Pizza             |       |       |     1 |       |       ||     1
       Royal jelly       |       |       |       |       |     1 ||     1
Armor: Robe              |    39 |    34 |    51 |    78 |   157 ||   359
       Skin              |       |       |       |    42 |     2 ||    44
Dodge: Dodged            |    77 |    42 |   181 |   451 |   983 ||  1734
